 Dungeon Crawl Stone Soup version 0.24.1-14-gf8d2b509d9 (webtiles) character file.

Game seed: 9144984536447104440, levelgen mode: deterministic

510 AP0 the Chopper (level 6, 0/46 HPs)
             Began as a Demonspawn Gladiator on May 31, 2020.
             Slain by a centaur (2 damage)
             ... on level 5 of the Dungeon.
             The game lasted 00:17:33 (7669 turns).

AP0 the Chopper (Demonspawn Gladiator)              Turns: 7669, Time: 00:17:34

Health: 0/46       AC:  8    Str: 18    XL:     6   Next: 98%
Magic:  6/6        EV: 13    Int: 10    God:
Gold:   167        SH:  0    Dex: 15    Spells: 5/5 levels left

rFire    + . .     SeeInvis .   j - +2 spear (venom)
rCold    . . .     Gourm    .   (no shield)
rNeg     . . .     Faith    .   h - +2 leather armour {rF+}
rPois    .         Spirit   .   (helmet restricted)
rElec    .         Reflect  .   (no cloak)
rCorr    .         Harm     .   (no gloves)
MR       .....                  p - +0 pair of boots
Stlth    +.........             (no amulet)
HPRegen  0.15/turn              b - +3 ring of strength
MPRegen  0.10/turn              (no ring)

@: no status effects
A: antennae 1, yellow scales 1, spiny 1
a: no special abilities


You were on level 5 of the Dungeon.
You were very hungry.

You visited 1 branch of the dungeon, and saw 5 of its levels.

You collected 167 gold pieces.

Inventory:

Hand Weapons
 a - a +0 war axe
 j - a +2 spear of venom (weapon)
Missiles
 d - 3 throwing nets (quivered)
 e - 29 poisoned darts
Armour
 c - a +0 helmet
 h - a +2 leather armour of fire resistance (worn)
 i - a +0 ring mail
 p - a +0 pair of boots (worn)
Jewellery
 b - a +3 ring of strength (left hand)
Scrolls
 n - a scroll of enchant weapon {unknown}
 o - 2 scrolls of identify {unknown}
Potions
 f - 3 potions of heal wounds
 k - a potion of magic {unknown}
 l - 2 potions of haste {unknown}
Comestibles
 g - 3 rations


   Skills:
 + Level 2.8 Fighting
 - Level 4.2(4.6) Axes
 * Level 2.2(3.6) Polearms
 + Level 2.2 Throwing
 * Level 3.3 Armour
 + Level 3.7 Dodging
 + Level 0.7 Stealth


You had 5 spell levels left.
You didn't know any spells.
Your spell library was empty.

Dungeon Overview and Level Annotations

Branches:
Dungeon (5/15)
 Temple: D:4-7

Altars:
Cheibriados
Fedhas
Gozag
Kikubaaqudgha
Qazlal
Xom


Innate Abilities, Weirdness & Mutations

You have a pair of small antennae on your head.
You are partially covered in yellow scales. (AC +2)
You are partially covered in sharp spines.


Message History

The centaur shoots an arrow.
The arrow hits you!
* * * LOW HITPOINT WARNING * * *
You see here an arrow.
The centaur unwields a +0 shortbow.
The centaur hits you but does no damage.
Things that are here:
a chunk of flesh; a rat skeleton; a river rat corpse You closely miss the adder.
The adder barely misses you. The centaur closely misses you.
The centaur hits you.
* * * LOW HITPOINT WARNING * * *
The centaur hits you.
* * * LOW HITPOINT WARNING * * *
The adder is struck by your spines. The adder bites you but does no damage.
You see here a river rat corpse.
You see here a quokka corpse.
The centaur is struck by your spines.
The centaur hits you but does no damage.
The centaur is struck by your spines. The centaur hits you.
You die...

.###. # .._#.## .#
.###... ..# ##.#... ...#
#..#..#### # ...r#
..##..#..# #. ###.r..r#
..#...'..#### #.####.r#
... ..+...#..##.##
##.r#.###...
..#...#....#.###@##.##.r#
..##..#..##.#.##.cSrr.#
####..#..###.#..###((.#
#..#..# #######.(.#.#
#..#..# #..###.## #..#..#
#.# #.# #####'#..# ## .#
..##..#..# . ..#...# ##


You could see a centaur, an adder, 2 river rats and a rat.

Vanquished Creatures
  Purgy (D:4)
  A howler monkey (D:4)
  A bullfrog skeleton (D:5)
  3 worker ants
  4 gnolls (D:4)
  A howler monkey zombie (D:5)
  8 adders
  5 river rats (D:5)
  2 oozes
  4 worms
  2 dart slugs
  3 leopard geckos
  4 orcs
  6 bats
  A giant cockroach (D:2)
  6 goblins
  3 hobgoblins
  13 jackals
  6 quokkas
  5 ball pythons
  2 frilled lizards
  A jackal skeleton (D:4)
  4 kobolds
  10 rats
  2 plants (D:5)
98 creatures vanquished.

Notes
Turn   | Place    | Note
-------+----------+-------------------------------------------
     0 | D:1      | AP0 the Demonspawn Gladiator began the quest for the Orb.
     0 | D:1      | Reached XP level 1. HP: 16/16 MP: 1/1
  1830 | D:1      | Reached skill level 3 in Axes
  1830 | D:1      | Gained mutation: You are partially covered in sharp spines.
                  | [demonic ancestry]
  1830 | D:1      | Reached XP level 2. HP: 13/22 MP: 2/2
  2996 | D:2      | Gained mutation: You have a pair of small antennae on your
                  | head. [demonic ancestry]
  2996 | D:2      | Reached XP level 3. HP: 14/27 MP: 3/3
  3649 | D:2      | Reached skill level 1 in Armour
  4244 | D:2      | HP: 1/27 [worm (4)]
  4255 | D:2      | HP: 1/27 [giant cockroach (1)]
  4850 | D:2      | Reached XP level 4. HP: 33/33 MP: 4/4
  5543 | D:4      | Reached skill level 4 in Axes
  5543 | D:4      | Reached XP level 5. HP: 22/38 MP: 5/5
  5979 | D:4      | Found a blossoming altar of Fedhas.
  5982 | D:4      | Noticed Purgy
  6001 | D:4      | Killed Purgy
  6485 | D:4      | Gained mutation: You are partially covered in yellow
                  | scales. (AC +2) [demonic ancestry]
  6485 | D:4      | Reached XP level 6. HP: 46/46 MP: 6/6
  6649 | D:4      | Reached skill level 1 in Polearms
  6940 | D:5      | Entered Level 5 of the Dungeon
  7110 | D:5      | Found a shimmering altar of Xom.
  7110 | D:5      | Found an opulent altar of Gozag.
  7118 | D:5      | Found a snail-covered altar of Cheibriados.
  7127 | D:5      | Found an ancient bone altar of Kikubaaqudgha.
  7129 | D:5      | Found a stormy altar of Qazlal.
  7666 | D:5      | HP: 2/46 [centaur (5)]
  7669 | D:5      | Slain by a centaur

Levels and vault maps discovered:
D:1:      dpeg_arrival_rhombus, layout_loops_corners
D:2:      layout_basic, minmay_tiny_reverse_x
D:3:      layout_basic, first_ration
D:4:      layout_cave_pools, fedhas_altar_3, minmay_quantized, uniq_purgy
D:5:      lemuel_ratsnest, layout_gridville,
          chequers_temple_overflow_minitemple, serial_bayou_pond_c

Skill      XL: |  1  2  3  4  5  6 |
---------------+-------------------+-----
Axes           | 3 4 |  4.2
Throwing       | 2 |  2.2
Dodging        | 3 |  3.7
Armour         | 1 2 3 |  3.3
Polearms       | 2 |  2.2
Fighting       | |  2.8
Stealth        | |  0.7

Action                   |  1- 3 |  4- 6 || total
-------------------------+-------+-------++-------
Melee: War axe           |    86 |    33 ||   119
       Spear             |       |   160 ||   160
  Use: Scroll            |     1 |       ||     1
       Potion            |       |     3 ||     3
  Eat: Ration            |     1 |     1 ||     2
       Chunk             |     8 |     5 ||    13
Armor: Leather armour    |    23 |    43 ||    66
Dodge: Dodged            |    82 |   111 ||   193
